Map: Estação Proxima LE

Players

Bowman

  • Race: Protoss Protoss
  • League: Master
  • Spawn Location: 7:00

TheZergLord - Winner!

  • Race: Zerg Zerg
  • League: Grandmaster
  • Spawn Location: 1:00

VOD

Have the link to the VOD?

Description

Time

  • Played on: June 13, 2017, 2:15 p.m.
  • Length: 7:07
Show
View Real Time Build Order
Export as new Build Order

Bowman Protoss 

Build Orders: 1 Gate Expand, Zealot Archon, Dark Templar Rush 

Get SALT Encoding   

  12  0:03  Probe (Chrono Boost)  
  13  0:13  Probe (Chrono Boost)  
  14  0:22  Pylon  
  14  0:24  Probe (Chrono Boost)  
  15  0:40  Probe (Chrono Boost)  
  15  0:41  Gateway  
  16  0:42  Assimilator  
  16  0:50  Probe (Chrono Boost)  
  17  1:01  Probe (Chrono Boost)  
  18  1:12  Probe (Chrono Boost)  
  19  1:20  Nexus  
  19  1:30  Cybernetics Core  
  20  1:33  Probe (Chrono Boost)  
  20  1:37  Assimilator  
  20  1:43  Probe (Chrono Boost)  
  21  1:54  Probe (Chrono Boost), Pylon  
  22  2:02  Warp Gate  
  22  2:04  Probe (Chrono Boost)  
  23  2:14  Stalker  
  23  2:15  Probe (Chrono Boost)  
  26  2:29  Probe (Chrono Boost)  
  27  2:35  Probe (Chrono Boost)  
  27  2:40  Probe (Chrono Boost)  
  28  2:44  Robotics Facility  
  28  2:45  Probe (Chrono Boost)  
  28  2:46  Twilight Council  
  28  2:50  Probe (Chrono Boost)  
  30  2:56  Probe (Chrono Boost), Adept  
  33  3:07  Probe (Chrono Boost)  
  33  3:08  Probe (Chrono Boost)  
  33  3:12  Pylon  
  35  3:18  Probe (Chrono Boost)  
  38  3:21  Mothership Core (Chrono Boost)  
  38  3:23  Adept  
  40  3:30  Warp Prism  
  42  3:38  Gateway  
  43  3:49  Probe x2 (Chrono Boost)  
  43  3:51  Dark Shrine  
  43  4:02  Gateway  
  44  4:03  Probe (Chrono Boost), Gateway  
  44  4:04  Observer, Probe (Chrono Boost)  
  46  4:11  Assimilator  
  46  4:13  Assimilator, Probe (Chrono Boost)  
  47  4:18  Adept  
  49  4:39  Adept  
  49  4:42  Adept  
  48  5:01  Adept  
  48  5:04  Dark Templar x2  
  54  5:28  Pylon  
  54  5:35  Pylon  
  54  5:40  Archon  
  52  5:43  Pylon  
  52  5:49  Zealot  
  51  6:03  Pylon  
  51  6:10  Nexus  
  42  6:33  Zealot x2  
  42  6:37  Zealot  
  27  6:55  Zealot x2  
Show
View Real Time Build Order
Export as new Build Order

TheZergLord Zerg - Winner!

Build Orders: Hatch First 

Get SALT Encoding   

  12  0:01  Drone  
  13  0:12  Overlord  
  13  0:18  Drone  
  14  0:30  Drone  
  14  0:31  Drone  
  14  0:34  Drone  
  17  0:53  Hatchery  
  17  0:56  Drone  
  17  0:59  Drone  
  17  1:03  Extractor  
  17  1:15  Spawning Pool  
  16  1:18  Drone  
  16  1:21  Drone  
  18  1:28  Drone  
  19  1:40  Overlord  
  19  1:52  Drone  
  20  2:02  Queen  
  20  2:04  Zergling x2  
  20  2:06  Queen  
  20  2:08  Metabolic Boost  
  25  2:11  Drone  
  25  2:15  Drone  
  27  2:23  Drone x2  
  29  2:30  Zergling x2  
  30  2:42  Zergling x2  
  31  2:48  Pneumatized Carapace  
  31  2:55  Overlord  
  31  2:59  Drone  
  31  3:00  Drone  
  31  3:02  Hatchery  
  31  3:03  Drone  
  33  3:12  Evolution Chamber  
  32  3:17  Zergling x6  
  32  3:18  Zergling x2  
  36  3:25  Overlord  
  35  3:40  Zergling x2  
  34  3:51  Zergling x8  
  34  3:52  Zergling x10  
  43  3:58  Spore Crawler  
  42  4:18  Zergling x6  
  42  4:19  Zergling x6  
  42  4:20  Queen  
  42  4:21  Spore Crawler  
  42  4:22  Zergling x2  
  49  4:37  Zergling x4  
  49  4:39  Overlord x2  
  46  4:48  Zergling x8  
  46  4:49  Zergling x2  
  50  4:56  Drone  
  50  4:57  Overlord x2  
  48  5:02  Overlord x2  
  48  5:04  Zergling x2  
  43  5:16  Zergling x10  
  43  5:18  Zergling x2  
  48  5:28  Zergling x8  
  50  5:35  Zergling x4  
  54  5:49  Drone  
  54  5:50  Drone  
  54  5:51  Drone x5  
  54  5:54  Drone  
  54  5:56  Zergling x2  
  60  6:15  Zergling x2  
  60  6:16  Zergling x12  
  52  6:33  Zergling x4  
  52  6:34  Zergling x14  
Tags
 
Add a new tag
Caveats
  • Supply blocks, unpowered buildings, or Contaminate may cause inaccurate times.
  • Supply counts are checked every 10 seconds.